 Dungeon Crawl Stone Soup version 0.31.0-9-g3a7656b989 (webtiles) character file.

Game seed: 11302803294003352159

489 qw the Ducker (level 6, 0/30 HPs)
             Began as a Spriggan Hunter on Feb 2, 2024.
             Was an Initiate of Okawaru.
             Slain by an ice beast (11 damage)
             ... on level 5 of the Dungeon.
             The game lasted 00:00:12 (2874 turns).

qw the Ducker (Spriggan Hunter)                     Turns: 2874, Time: 00:00:13

Health: 0/30       AC:  4    Str:  7    XL:     6   Next: 90%
Magic:  6/7        EV: 22    Int: 11    God:    Okawaru [......]
Gold:   161        SH:  0    Dex: 20    Spells: 5/5 levels left

rFire   . . .        a - +1 shortbow (freeze)
rCold   . . .        (shield currently unavailable)
rNeg    + . .        e - +2 robe {rN+}
rPois   .            (helmet restricted)
rElec   .            (no cloak)
rCorr   .            (gloves unavailable)
SInv    +            (boots unavailable)
Will    +....        h - amulet of regeneration
Stlth   ++           (no ring)
HPRegen 1.05/turn    (no ring)
MPRegen 0.10/turn

%: no passive effects
@: very quick
A: very small, no large weapons, unfitting armour, see invisible, speed 3
a: Renounce Religion


You were on level 5 of the Dungeon.
You worshipped Okawaru.
Okawaru was noncommittal.
You visited 1 branch of the dungeon, and saw 5 of its levels.

You collected 161 gold pieces.


Innate Abilities, Weirdness & Mutations

You are very small and have problems with some larger weapons.
You are too small for most types of armour.
You have supernaturally acute eyesight. (SInv)
You cover ground extremely quickly. (Speed+++)


   Skills:
 - Level 2.0 Fighting
 + Level 6.5 Ranged Weapons
 - Level 6.8 Dodging
 - Level 1.5 Stealth
 - Level 0.6 Invocations


You had 5 spell levels left.
You didn't know any spells.
Your spell library was empty.

Inventory:

Hand Weapons
 a - a +1 shortbow of freezing (weapon)
Armour
 e - a +2 robe of positive energy (worn)
Jewellery
 h - an amulet of regeneration (around neck)
Scrolls
 b - a scroll of identify
 f - a scroll of revelation {unknown}
Potions
 c - a potion of mutation {unknown}
 d - a potion of might
 g - a potion of curing

Dungeon Overview and Level Annotations

Branches:
Dungeon (5/15)
 Temple: D:4-7

Altars:
Okawaru

Shops:
D:5 ([


Message History

The ice beast is severely wounded.
The ice beast misses you.
You shoot an arrow.
The arrow hits the ice beast but does no damage.
The ice beast is severely wounded.
You shoot an arrow.
The arrow completely misses the ice beast.
You feel like a meek peon again. The ice beast completely misses you.
You shoot an arrow.
The arrow hits the ice beast but does no damage.
The ice beast is severely wounded.
The ice beast misses you.
You shoot an arrow.
The arrow hits the ice beast but does no damage.
The ice beast is severely wounded.
The ice beast misses you. The ice beast hits you. The ice beast freezes you!
You shoot an arrow. The arrow closely misses the ice beast.
The ice beast hits you. The ice beast freezes you.
You shoot an arrow. The arrow hits the ice beast.
The ice beast is severely wounded.
The ice beast closely misses you.
You shoot an arrow. The arrow hits the ice beast.
The ice beast is severely wounded.
The ice beast completely misses you.
You shoot an arrow. The arrow hits the ice beast.
The ice beast is almost dead.
The ice beast hits you but does no damage.
You shoot an arrow. The arrow closely misses the ice beast.
The ice beast closely misses you.
You shoot an arrow.
The arrow hits the ice beast but does no damage.
The ice beast is almost dead.
The ice beast misses you.
You shoot an arrow. The arrow closely misses the ice beast.
The ice beast completely misses you.
You shoot an arrow. The arrow hits the ice beast.
The ice beast is almost dead.
The ice beast hits you. The ice beast freezes you!
You die... ### 777777777

.. .# 7.......7
.#..#
7.}.\.}.7##.#..#
............#..###
~~~~~~~~~~~~~~...#
~~~~~~~~~~~~~~##.#
......Y@..........
7.8.\.8.7#..#.....
7.......7#..# ...
777777777#..# .
#########..#.#
.#...........#.#
..:..####'####.#
..........####.#
<..#.###.....#.#


You could see an ice beast.

Vanquished Creatures
  An ogre (D:4)
  A scorpion (D:4)
  A hound (D:4)
  2 bombardier beetles
  3 orc wizards (D:4)
  2 iguanas (D:4)
  5 adders
  3 dart slugs
  2 ribbon worms
  3 orcs
  5 endoplasms
  A giant cockroach (D:1)
  7 goblins
  7 hobgoblins
  2 jackals (D:3)
  4 quokkas
  6 ball pythons
  5 bats
  3 frilled lizards (D:3)
  10 kobolds
  4 rats
77 creatures vanquished.

Notes
Turn   | Place    | Note
-------+----------+-------------------------------------------
     0 | D:1      | qw the Spriggan Hunter began the quest for the Orb.
     0 | D:1      | Reached XP level 1. HP: 10/10 MP: 2/2
     0 | D:1      | 0 ||| qw: Version: 0.3-a-155-g5e7d8dd
     0 | D:1      | 0 ||| qw: Game counter: 2710
     0 | D:1      | 0 ||| qw: Melee chars always use a shield: true
     0 | D:1      | 0 ||| qw: God list: Okawaru
     0 | D:1      | 0 ||| qw: Allow faded altars: false
     0 | D:1      | 0 ||| qw: Do Orc after clearing Dungeon:15 true
     0 | D:1      | 0 ||| qw: Do second Lair branch before Depths: true
     0 | D:1      | 0 ||| qw: Lair rune preference: random
     0 | D:1      | 0 ||| qw: Goals: Normal
     0 | D:1      | 0 ||| PLANNING D:1-11
    70 | D:1      | Reached skill level 3 in Dodging
   157 | D:1      | Reached XP level 2. HP: 14/14 MP: 3/3
   773 | D:1      | 773 ||| DROPPING ring of flight.
   774 | D:1      | 774 ||| DRINKING 2 murky coppery potions.
   775 | D:1      | 775 ||| DROPPING scroll of butterflies.
   811 | D:2      | 811 ||| STAIRDANCE
   820 | D:2      | Reached XP level 3. HP: 17/18 MP: 4/4
  1294 | D:2      | 1294 ||| READING 2 scrolls labelled UVOIPPUSANK.
  1294 | D:2      | 1294 ||| IDENTIFYING bubbling purple potion
  1295 | D:2      | 1295 ||| READING scroll of identify.
  1295 | D:2      | 1295 ||| IDENTIFYING fizzy purple potion
  1296 | D:2      | 1296 ||| DROPPING potion of lignification.
  1344 | D:3      | Reached XP level 4. HP: 22/22 MP: 5/5
  1346 | D:3      | Found an iron altar of Okawaru.
  1347 | D:3      | 1347 ||| PLANNING OKAWARU WORSHIP
  1379 | D:3      | Became a worshipper of Warmaster Okawaru
  1380 | D:3      | 1380 ||| PLANNING D:1-11
  1410 | D:3      | Identified the +2 hand axe of Youthful Indiscretion
                  | {antimagic, rN+ Str+2 Int-5 Dex+7}
  1585 | D:3      | 1585 ||| FLEEEEING.
  1586 | D:3      | 1586 ||| FLEEEEING.
  1587 | D:3      | 1587 ||| FLEEEEING.
  1588 | D:3      | 1588 ||| FLEEEEING.
  1590 | D:3      | 1590 ||| FLEEEEING.
  1591 | D:3      | 1591 ||| FLEEEEING.
  1894 | D:3      | 1894 ||| UPGRADING to amulet of regeneration.
  1899 | D:3      | 1899 ||| READING scroll of identify.
  1899 | D:3      | 1899 ||| IDENTIFYING blue potion
  1900 | D:3      | 1900 ||| READING scroll labelled JEDINE NALIQAX.
  1900 | D:3      | 1900 ||| ENCHANTING +0 shortbow.
  1901 | D:3      | 1901 ||| READING scroll labelled ROTUJO RYLARPH.
  1901 | D:3      | 1901 ||| ENCHANTING +1 shortbow.
  1902 | D:3      | 1902 ||| READING scroll labelled ONYMEO DECZUVE.
  1902 | D:3      | 1902 ||| BRANDING +1 shortbow.
  1903 | D:3      | 1903 ||| READING scroll labelled LAWOONKUU GAOL.
  1904 | D:3      | 1904 ||| READING scroll labelled LOHOJI ZUICWI.
  2005 | D:3      | 2005 ||| READING scroll labelled MIFODEIQITZ.
  2106 | D:4      | HP: 3/22 [orc wizard/magic dart (7)]
  2107 | D:4      | 2107 ||| DRINKING potion of heal wounds.
  2112 | D:4      | Reached XP level 5. HP: 26/26 MP: 6/6
  2116 | D:4      | 2116 ||| FLEEEEING.
  2136 | D:4      | Reached skill level 6 in Ranged Weapons
  2138 | D:4      | 2138 ||| FLEEEEING.
  2142 | D:4      | 2142 ||| STAIRDANCE
  2150 | D:3      | 2150 ||| READING scroll labelled DARHAGI VOR.
  2207 | D:4      | Reached XP level 6. HP: 30/30 MP: 7/7
  2387 | D:4      | Reached skill level 6 in Dodging
  2454 | D:4      | Reached * piety under Okawaru
  2717 | D:4      | 2717 ||| UPGRADING to +2 robe of positive energy.
  2727 | D:4      | 2727 ||| DROPPING +0 robe.
  2745 | D:5      | Entered Level 5 of the Dungeon
  2746 | D:5      | 2746 ||| PLANNING SEWER
  2834 | D:5      | Found Plog's Antique Weapon Shoppe.
  2835 | D:5      | Found Qalamirph's Antique Armour Boutique.
  2838 | D:5      | Noticed an ice beast
  2839 | D:5      | 2839 ||| INVOKING Heroism.
  2852 | D:5      | 2852 ||| INVOKING Heroism.
  2867 | D:5      | HP: 7/30 [ice beast (6)]
  2874 | D:5      | Slain by an ice beast

Levels and vault maps discovered:
D:1:      tekkud_arrival_beachfront_property, layout_basic, minmay_pentomino_z2
D:2:      layout_basic
D:3:      layout_basic, okawaru_metal_pillars_1_2
D:4:      layout_basic
D:5:      layout_basic, gup_sewer_entry_spiral, minivault_26,
          nicolae_wooded_promenade, uniq_ijyb

Skill      XL: |  1  2  3  4  5  6 |
---------------+-------------------+-----
Dodging        | 3 4 5 6 |  6.8
Ranged Weapons | 5 6 |  6.5
Fighting       | 2 |  2.0
Stealth        | |  1.5
Invocations    | |  0.6

Action                     |  1- 3 |  4- 6 || total
---------------------------+-------+-------++-------
   Fire: Shortbow          |    82 |   182 ||   264
 Invoke: Heroism           |       |     2 ||     2
    Use: Potion            |     1 |     1 ||     2
         Scroll            |     2 |     8 ||    10
 Armour: Robe              |     6 |    38 ||    44
  Dodge: Dodged            |    28 |   119 ||   147

Table legend:
 A = Non-vault XP
 B = Vault XP
 C = Vault XP percentage of total XP
 D = Non-vault monster count
 E = Vault monster count
 F = Vault count percentage of total count
                 A         B        C        D         E       F
            +---------+---------+-------+---------+---------+-------
      Total |     698 |       1 |   0.1 |      76 |       1 |   1.3
            +---------+---------+-------+---------+---------+-------
        D:1 |      29 |       1 |   3.3 |      18 |       1 |   5.3
        D:2 |      33 |       0 |   0.0 |      12 |       0 |   0.0
        D:3 |      86 |       0 |   0.0 |      19 |       0 |   0.0
        D:4 |     545 |       0 |   0.0 |      26 |       0 |   0.0
        D:5 |       5 |       0 |   0.0 |       1 |       0 |   0.0
            +---------+---------+-------+---------+---------+-------
